 Dungeon Crawl Stone Soup version 0.27-a0-1136-g0b992a5a9d (webtiles) character file.

Game seed: 15658806263149540569

20138 kae the Severer (level 12, -5/111 HPs)
             Began as a Hill Orc Fighter on May 4, 2021.
             Was a Priest of Qazlal.
             Killed from afar by a rime drake (17 damage)
             ... with a flash freeze
             ... on level 8 of the Dungeon.
             The game lasted 00:10:28 (16240 turns).

kae the Severer (Hill Orc Fighter)                 Turns: 16240, Time: 00:10:28

Health: -5/111     AC: 14    Str: 24    XL:     12   Next: 76%
Magic:  20/20      EV: 10    Int:  8    God:    Qazlal [***...]
Gold:   514        SH:  8    Dex: 10    Spells: 11/11 levels left

rFire    . . .     SeeInvis +   a - +0 war axe (drain)
rCold    . . .     Faith    .   r - +0 buckler
rNeg     . . .     Spirit   .   b - +0 scale mail
rPois    +         Reflect  .   s - +1 helmet
rElec    .         Harm     .   u - +2 cloak {Will+}
rCorr    .         Rampage  .   (no gloves)
Will     +....                  (no boots)
Stlth    ..........             (no amulet)
HPRegen  0.28/turn              k - ring of poison resistance
MPRegen  0.17/turn              e - ring of see invisible

@: no status effects
A: no striking features
a: Renounce Religion, Upheaval, Elemental Force


You were on level 8 of the Dungeon.
You worshipped Qazlal.
Qazlal was most pleased with you.
You visited 3 branches of the dungeon, and saw 13 of its levels.

You collected 514 gold pieces.

Inventory:

Hand Weapons
 a - a +0 war axe of draining (weapon)
Missiles
 y - 3 curare-tipped darts (quivered)
 F - 3 throwing nets
Armour
 b - a +0 scale mail (worn)
 c - a +0 kite shield
 r - a +0 buckler (worn)
 s - a +1 helmet (worn)
 u - a +2 cloak of willpower (worn)
Jewellery
 e - a ring of see invisible (right hand)
 k - a ring of poison resistance (left hand)
 n - a ring of protection from cold
 p - a ring of positive energy
 t - a +6 ring of intelligence
 v - a ring of flight
 w - an amulet of faith
 B - a ring of protection from cold
Wands
 x - a wand of flame (11)
 A - a wand of charming (12)
 H - a wand of iceblast (19)
 J - a wand of digging (7)
Scrolls
 l - 3 scrolls of fear
 E - 3 scrolls of amnesia
 G - a scroll of fog
 I - a scroll of teleportation
 L - a scroll of identify
Potions
 f - a potion of haste
 g - a potion of brilliance
 h - 5 potions of flight
 i - 6 potions of lignification
 j - 2 potions of heal wounds
 m - 2 potions of resistance
 o - 3 potions of attraction
 q - 8 potions of curing
 z - a potion of invisibility
 C - 3 potions of degeneration {unknown}
 D - 2 potions of mutation {unknown}
 K - a potion of berserk rage {unknown}


   Skills:
 + Level 11.7 Fighting
 * Level 16.3 Axes
 + Level 10.8 Armour
 - Level 4.0 Shields
 + Level 11.3 Invocations


You had 11 spell levels left.
You didn't know any spells.
Your spell library contained the following spells:

 Spells                   Type           Power      Damage    Failure   Level
 Confusing Touch          Hex            0%         N/A       95%         3
 Gell's Gravitas          Tloc           0%         N/A       95%         3
 Ignite Poison            Fire/Tmut/Pois 0%         N/A       95%         3
 Petrify                  Tmut/Erth      0%         N/A       100%        4
 Fireball                 Conj/Fire      0%         3d3       100%        5
 Metabolic Englaciation   Hex/Ice        0%         N/A       100%        5
 Yara's Violent Unravell  Hex/Tmut       0%         3d3       100%        5
 Starburst                Conj/Fire      0%         8x6d3     100%        6
 Ignition                 Fire           0%         3d3       100%        8


Dungeon Overview and Level Annotations

Branches:
Dungeon (11/15)            Temple (1/1) D:5            Lair (1/6) D:8
    Orc (0/2) D:10

Altars:
Ashenzari
Cheibriados
Dithmenos
Elyvilon
Fedhas
Gozag
Hepliaklqana
Kikubaaqudgha
Makhleb
Nemelex Xobeh
Okawaru
Qazlal
Ru
Sif Muna
Trog
Uskayaw
Vehumet
Wu Jian
Xom
Yredelemnul
Zin
The Shining One

Shops:
D:1 ?   D:5 =

Annotations:
D:5 1 runed translucent door, nago's ghost, amateur OgWr
D:7 exclusion: door


Message History

You are too injured to fight recklessly!
You are too injured to fight recklessly!
You are too injured to fight recklessly!
You are too injured to fight recklessly!
You slash the rime drake! You drain the rime drake.
The rime drake is heavily wounded.
You hit the cane toad but do no damage. You hit the water moccasin.
You drain the water moccasin. You hit the yak. You drain the yak.
You completely miss the cane toad.
You feel very sick. The cane toad closely misses you.
The water moccasin is engulfed in blazing flames.
You block the water moccasin's attack. The rime drake breathes ice at you.
The flash freeze misses you.
The flash freeze hits the water moccasin!!
The water moccasin dies!
The cane toad is engulfed in blazing flames.
The cane toad stings you.
* * * LOW HITPOINT WARNING * * *
As you read the scroll of fear, it crumbles to dust.
You assume a fearsome visage.
The cane toad looks frightened!
The rime drake looks frightened!
The cane toad looks frightened!
The yak looks frightened!
You feel very sick.
The cane toad is engulfed in blazing flames.
You feel very sick.
You feel sick.
You feel sick.
You feel sick.
You feel sick.
You feel sick.
You feel sick.
You feel sick.
You feel sick.
You are no longer poisoned.
You hear an angry hiss.
The rime drake breathes ice at you. The flash freeze hits you!
You die...

.........#...........## #...##..P
.........#......).....###.#.....†
............[.......#.....#≈.F÷>÷
...........<.........#.#..#.....†
.........#.............##...##.P.
........(#...........#)#.....#...
.......#.##............k...#...≈.
............................#####
.......#.##<....@...F..##.....##
......##........☼.○###...###...##
..................(..#...........
............).....##.#.##........
..................##......#......
..................###...#.#......
########..........# ###..........
#..........# #####......
#..........# #######


You could see a cane toad and a rime drake (catching breath, drained).

Vanquished Creatures
  Harold (D:7)
  A hydra (D:11)
  Erolcha (D:9)
  3 two-headed ogres
  2 cyclopes
  An ugly thing (D:11)
  Maurice (D:9)
  A gargoyle (D:11)
  A cane toad (Lair:1)
  Maggie (Lair:1)
  A komodo dragon (D:10)
  An efreet (D:9)
  Psyche (D:8)
  2 trolls (D:10)
  A hornet (D:7)
  2 blink frogs (Lair:1)
  2 wraiths (D:9)
  A vampire (D:9)
  A basilisk (D:11)
  3 wyverns
  7 vampire mosquitoes
  31 yaks
  2 steam dragons
  Menkaure (D:7)
  4 water moccasins
  4 acid dragons
  5 orc warriors
  An ice beast (D:7)
  A black bear (D:6)
  3 necrophages
  4 centaurs
  7 ogres
  3 bullfrogs
  6 kobold brigands
  A gnoll sergeant (D:9)
  3 scorpions
  A water moccasin zombie (D:5)
  A wyvern skeleton (D:6)
  3 water moccasin skeletons
  7 killer bees
  4 wights (D:8)
  3 centaur zombies (D:10)
  4 hounds
  A centaur skeleton (D:6)
  A jelly (D:8)
  A bullfrog skeleton (D:6)
  Crazy Yiuf (D:7)
  2 orc priests
  6 iguanas
  4 orc wizards
  A howler monkey zombie (D:8)
  4 adders
  6 gnolls
  A shadow imp (D:6)
  2 ufetubi
  An adder skeleton (D:4)
  A worm (D:3)
  6 dart slugs
  26 orcs
  4 endoplasms
  7 giant cockroaches
  6 goblins
  3 hobgoblins
  3 jackals (D:2)
  19 kobolds
  5 quokkas
  3 ball pythons
  6 bats
  3 frilled lizards
  8 rats
265 creatures vanquished.

Vanquished Creatures (others)
  A water moccasin (D:8)
  3 kobolds (D:8)
  8 fungi
  5 plants
17 creatures vanquished.

Grand Total: 282 creatures vanquished

Notes
Turn   | Place    | Note
-------+----------+-------------------------------------------
     0 | D:1      | kae the Hill Orc Fighter began the quest for the Orb.
     0 | D:1      | Reached XP level 1. HP: 19/19 MP: 1/1
    68 | D:1      | Found Moet's Magic Scroll Emporium.
   130 | D:1      | Reached skill level 3 in Axes
   353 | D:1      | Reached XP level 2. HP: 18/27 MP: 2/2
  1172 | D:2      | Reached XP level 3. HP: 33/33 MP: 3/3
  1226 | D:2      | Reached skill level 4 in Axes
  1647 | D:2      | Reached XP level 4. HP: 40/40 MP: 4/4
  2871 | D:4      | Noticed an ogre
  2885 | D:4      | Killed an ogre
  2886 | D:4      | Reached skill level 5 in Axes
  2886 | D:4      | Reached XP level 5. HP: 8/47 MP: 5/5
  3253 | D:4      | Reached skill level 5 in Fighting
  3253 | D:4      | Reached XP level 6. HP: 17/56 MP: 6/6
  3836 | D:4      | Noticed a necrophage
  3841 | D:4      | Reached skill level 6 in Axes
  3845 | D:4      | Killed a necrophage
  4379 | D:4      | Reached XP level 7. HP: 51/61 MP: 7/7
  4990 | D:5      | Entered Level 5 of the Dungeon
  4998 | D:5      | Found a staircase to the Ecumenical Temple.
  5022 | Temple   | Entered the Ecumenical Temple
  5067 | Temple   | Became a worshipper of Qazlal Stormbringer
  5099 | D:5      | Reached skill level 7 in Axes
  5099 | D:5      | Reached skill level 5 in Armour
  5099 | D:5      | Reached skill level 1 in Invocations
  5331 | D:5      | Identified a scroll of acquirement
  5331 | D:5      | Acquired a +2 cloak of willpower
  5557 | D:5      | Found a shadowy altar of Dithmenos.
  5574 | D:5      | Reached skill level 8 in Axes
  5574 | D:5      | Reached XP level 8. HP: 69/70 MP: 9/9
  5607 | D:5      | Found a runed translucent door.
  5689 | D:5      | Noticed nago's ghost (amateur OgWr)
  5735 | D:5      | Found Visoacefe's Jewellery Boutique.
  5968 | D:6      | Reached skill level 9 in Axes
  5982 | D:6      | Reached * piety under Qazlal
  6393 | D:6      | Reached XP level 9. HP: 77/79 MP: 12/12
  6751 | D:6      | Reached skill level 10 in Axes
  6751 | D:6      | Reached skill level 5 in Invocations
  6782 | D:7      | Noticed Menkaure
  6789 | D:7      | Killed Menkaure
  8078 | D:7      | Noticed Harold
  8091 | D:7      | Killed Harold
  8092 | D:7      | Reached skill level 11 in Axes
  8216 | D:7      | Reached XP level 10. HP: 85/90 MP: 13/15
  8402 | D:7      | Found a runed translucent door.
  8403 | D:7      | Noticed Crazy Yiuf
  8410 | D:7      | Killed Crazy Yiuf
  8531 | D:8      | Reached skill level 12 in Axes
  8752 | D:8      | Noticed Psyche
  8786 | D:7      | Reached ** piety under Qazlal
  9418 | D:8      | Killed Psyche
  9600 | D:8      | Reached skill level 13 in Axes
  9740 | D:8      | Found a staircase to the Lair.
  9885 | D:9      | Noticed a two-headed ogre
  9889 | D:9      | Noticed a cyclops
  9895 | D:9      | Killed a two-headed ogre
  9896 | D:9      | Reached XP level 11. HP: 80/99 MP: 17/17
 10021 | D:9      | Noticed Erolcha
 10028 | D:9      | Killed Erolcha
 10172 | D:9      | Reached skill level 10 in Fighting
 10576 | D:9      | Killed a cyclops
 10914 | D:9      | HP: 2/99 [efreet/bolt of fire (17)]
 11374 | D:9      | Reached skill level 14 in Axes
 11418 | D:9      | HP: 4/100 [orc priest/+0 trident (6)]
 12254 | D:9      | Noticed Maurice
 12270 | D:9      | Killed Maurice
 12729 | D:10     | Entered Level 10 of the Dungeon
 12919 | D:10     | Reached skill level 10 in Invocations
 13060 | D:10     | Reached skill level 15 in Axes
 13375 | D:10     | Found a staircase to the Orcish Mines.
 13453 | D:10     | Reached XP level 12. HP: 94/108 MP: 19/19
 13455 | D:10     | Reached *** piety under Qazlal
 13456 | D:10     | Reached skill level 10 in Armour
 13758 | D:11     | Noticed a two-headed ogre
 14375 | D:11     | Killed a two-headed ogre
 15192 | D:11     | Noticed a two-headed ogre
 15200 | D:11     | Killed a two-headed ogre
 15322 | D:11     | Noticed a seven-headed hydra
 15369 | D:11     | Killed a seven-headed hydra
 15579 | Lair:1   | Entered Level 1 of the Lair of Beasts
 15580 | Lair:1   | Noticed Maggie
 15588 | Lair:1   | Killed Maggie
 15589 | Lair:1   | Reached skill level 16 in Axes
 16240 | D:8      | Killed from afar by a rime drake

Illustrated notes

Levels and vault maps discovered:
D:1:      evilmike_arrival_hilbert_curve, layout_loops_cross, serial_shops,
          shop, kennysheep_minor_cross, glass_columns_b
D:2:      layout_loops_cross
D:3:      layout_loops_ring, minmay_starry_boxes
D:4:      layout_layer_cave
D:5:      layout_rooms, lemuel_crystal_altar, temple_green, serial_shops,
          nicolae_shop_stone, ebering_ghost_sewer_d
D:6:      layout_loops_ring, st_stairs_9
D:7:      layout_gridville, uniq_menkaure, uniq_crazy_yiuf_cottage, uniq_harold
D:8:      layout_rooms, dpeg_oklobed_lair, uniq_psyche
D:9:      layout_basic, minmay_fractal_squares_diagonal_5, uniq_maurice,
          uniq_erolcha
D:10:     layout_roguey, orc_0_dummy
D:11:     minmay_evil_eye, layout_basic
Temple:   nicolae_temple_the_god_donut
Lair:1:   layout_regular_city, chequers_serial_rivers_micro_b, st_stairs_8,
          uniq_maggie

Skill      XL: |  1  2  3  4  5  6  7  8  9 10 11 12 |
---------------+-------------------------------------+-----
Axes           | 3 4 5 6 8 9 11 13 15 16 | 16.3
Fighting       | 4 5 6 7 8 9 10 11 | 11.7
Armour         | 4 5 6 7 8 9 10 | 10.8
Shields        | 4 |  4.0
Invocations    | 2 4 6 8 10 11 | 11.3

Action                   |  1- 3 |  4- 6 |  7- 9 | 10-12 || total
-------------------------+-------+-------+-------+-------++-------
Melee: War axe           |    88 |   122 |   241 |   583 ||  1034
       Unarmed           |       |       |       |     1 ||     1
Invok: Upheaval          |       |       |       |     6 ||     6
Evoke: Wand              |       |       |     2 |     6 ||     8
  Use: Scroll            |     1 |    13 |     5 |     5 ||    24
       Potion            |       |     1 |       |     3 ||     4
 Stab: Invisible         |       |     1 |       |       ||     1
Armor: Scale mail        |    51 |    44 |   112 |   195 ||   402
Dodge: Dodged            |    53 |    55 |   114 |   234 ||   456
Block: Buckler           |       |    19 |    55 |   202 ||   276
       Other             |       |       |       |     2 ||     2

Table legend: (Time is in decaauts)
 A = Elapsed time spent in this place.
 B = Non-inter-level travel time spent in this place.
 C = Inter-level travel time spent in this place.
 D = Time resting spent in this place.
 E = Time spent auto-exploring this place.
 F = Levels seen in this place.
 G = Mean time per level.
                   A        B        C        D        E       F      G
               +--------+--------+--------+--------+--------+-----+--------+
         Total |  16207 |  15586 |    621 |   3521 |  10105 |  13 | 1246.7 |
       Dungeon |  16121 |  15507 |    614 |   3521 |  10066 |  11 | 1465.5 |
        Temple |     58 |     51 |      7 |      0 |     39 |   1 |   58.0 |
          Lair |     27 |     27 |      0 |      0 |      0 |   1 |   27.0 |
               +--------+--------+--------+--------+--------+-----+--------+

Top non-repeatable levels by time:
     D:9: 2321 daAuts
     D:7: 2222 daAuts
     D:4: 2164 daAuts
     D:8: 2041 daAuts
    D:10: 1660 daAuts
    D:11: 1082 daAuts
     D:6: 1023 daAuts
     D:1: 993 daAuts
     D:3: 987 daAuts
     D:2: 899 daAuts
     D:5: 723 daAuts
  Temple: 58 daAuts
  Lair:1: 27 daAuts
